 Dungeon Crawl Stone Soup version 0.30-a0-458-g86641cc369 (webtiles) character file.

Game seed: 15742090854192046555

1569 cforsyth the Ruffian (level 8, -13/80 HPs)
             Began as a Troll Fighter on Dec 14, 2022.
             Mangled by a two-headed ogre
             ... wielding a +0 giant club
              (28 damage)
             ... on level 6 of the Dungeon.
             The game lasted 00:04:23 (3572 turns).

cforsyth the Ruffian (Troll Fighter)                Turns: 3572, Time: 00:04:24

Health: -13/80     AC:  5    Str: 25    XL:     8   Next: 59%
Magic:  7/7        EV:  9    Int:  6    God:
Gold:   335        SH:  8    Dex:  9    Spells: 7/7 levels left

rFire   . . .      SeeInvis .      - Unarmed
rCold   . . .      Faith    .    b - +0 kite shield
rNeg    . . .      Spirit   .    a - +0 robe
rPois   .          Reflect  .    (helmet restricted)
rElec   .          Harm     .    m - +0 cloak
rCorr   .          Rampage  .    (gloves unavailable)
Will    .....                    (boots unavailable)
Stlth   +.........               (no amulet)
HPRegen 1.13/turn                (no ring)
MPRegen 0.10/turn                (no ring)

@: no status effects
A: large, unfitting armour, claws 3, regeneration 1, shaggy fur 1, tough skin 1
a: no special abilities


You were on level 6 of the Dungeon.
You visited 1 branch of the dungeon, and saw 6 of its levels.

You collected 335 gold pieces.

Inventory:

Missiles
 k - a throwing net (quivered)
Armour
 a - a +0 robe (worn)
 b - a +0 kite shield (worn)
 m - a +0 cloak (worn)
Jewellery
 i - a +6 ring of intelligence
 o - a ring of wizardry
 w - a ring of see invisible
Wands
 u - a wand of paralysis (12)
Scrolls
 d - a scroll of immolation {unknown}
 e - 5 scrolls of teleportation {unknown}
 f - a scroll of butterflies {unknown}
 g - 2 scrolls of fog {unknown}
 h - a scroll of poison {unknown}
 j - 2 scrolls of brand weapon {unknown}
 p - 2 scrolls of noise {unknown}
 r - a scroll of enchant weapon {unknown}
 t - 2 scrolls of amnesia {unknown}
 v - a scroll of silence {unknown}
 x - a scroll of identify {unknown}
Potions
 c - 3 potions of might
 l - a potion of curing {unknown}
 n - a potion of berserk rage {unknown}
 q - a potion of cancellation {unknown}
 s - 2 potions of mutation {unknown}
 z - a potion of attraction {unknown}
 A - a potion of heal wounds {unknown}
 B - a potion of lignification {unknown}


   Skills:
 + Level 5.1 Fighting
 - Level 4.0 Dodging
 + Level 5.6 Shields
 * Level 6.9 Unarmed Combat


You had 7 spell levels left.
You didn't know any spells.
Your spell library contained the following spells:

 Spells                   Type           Power      Damage    Failure   Level
 Kiss of Death            Conj/Necr      0%         2d5       71%         1
 Confusing Touch          Hex            0%         N/A       97%         3
 Dispel Undead            Necr           0%         3d6       100%        4


Dungeon Overview and Level Annotations

Branches:
Dungeon (6/15)
 Temple: D:4-7

Altars:
Fedhas
Xom


Innate Abilities, Weirdness & Mutations

You are too large for most types of armour.
You have claws for hands.
Your natural rate of healing is unusually fast.
You are covered in fur. (AC +1)
You have tough skin. (AC +1)


Message History

The shadow strikes at you from the darkness!
You miss something.
The shadow strikes at you from the darkness!
Reactivating autopickup.
You scratch the shadow.
The shadow is moderately damaged.
The shadow hits you.
You claw the shadow!
You destroy the shadow!
You pick up a book of Touch and begin reading...
You add the spells Kiss of Death, Confusing Touch and Dispel Undead to your library.
A two-headed ogre comes into view.
It is wielding a +0 giant club and a +0 giant spiked club.
The two-headed ogre shouts in stereo!
A shadow comes into view.
There are monsters nearby!
You claw the two-headed ogre!
The two-headed ogre is moderately wounded.
The two-headed ogre hits you with a +0 giant club!!
You block the two-headed ogre's attack.
The shadow slips into darkness.
The shadow flickers and vanishes!
Deactivating autopickup; reactivate with Ctrl-A.
You claw the two-headed ogre!
The two-headed ogre is heavily wounded.
You claw the two-headed ogre!
The two-headed ogre is severely wounded.
You block the two-headed ogre's attack. The two-headed ogre barely misses you.
The shadow strikes at you from the darkness!
Reactivating autopickup.
You barely miss the two-headed ogre.
The two-headed ogre is severely wounded.
The two-headed ogre hits you with a +0 giant club!!
The two-headed ogre hits you with a +0 giant spiked club!
* * * LOW HITPOINT WARNING * * *
The shadow hits you.
You scratch the two-headed ogre.
The two-headed ogre is almost dead.
You block the shadow's attack.
The two-headed ogre hits you with a +0 giant club!!
You die...

########...........
#............#####.
#.######.....# #.#
##...## .## #.#
###.# ..## #.# ###
## #..### #.# .#.
##.... #.# #.##O#
#...# #.#
#.W@###..# #.#
#.##.##..#### #.#
#. ##.......# ##.#
# #.##..##.# #..#
##.#####.# #.## ###
#.# #.# #.# #.# #.#
#.# #.#


You could see a two-headed ogre and a shadow.

Vanquished Creatures
  A shadow (D:6)
  A steam dragon (D:6)
  Edmund (D:6)
  A water moccasin (D:5)
  3 black bears
  2 ogres (D:5)
  A centaur (D:5)
  A lemure (D:6)
  A phantom (D:5)
  2 scorpions
  A necrophage (D:5)
  A hound (D:6)
  4 iguanas
  3 gnolls (D:3)
  8 adders
  A worm (D:3)
  3 dart slugs
  5 orcs
  3 ball pythons
  3 endoplasms
  2 giant cockroaches
  4 goblins
  7 hobgoblins
  6 jackals
  9 quokkas
  2 bats
  3 frilled lizards (D:1)
  5 kobolds
  5 rats
89 creatures vanquished.

Vanquished Creatures (others)
  2 plants (D:3)
2 creatures vanquished.

Grand Total: 91 creatures vanquished

Notes
Turn   | Place    | Note
-------+----------+-------------------------------------------
     0 | D:1      | cforsyth the Troll Fighter began the quest for the Orb.
     0 | D:1      | Reached XP level 1. HP: 22/22 MP: 0/0
   244 | D:1      | Reached XP level 2. HP: 29/29 MP: 1/1
   753 | D:2      | Reached XP level 3. HP: 36/36 MP: 2/2
  1208 | D:2      | Reached XP level 4. HP: 44/44 MP: 3/3
  1838 | D:3      | Reached skill level 3 in Unarmed Combat
  1960 | D:3      | Reached XP level 5. HP: 50/53 MP: 4/4
  2116 | D:4      | Found a shimmering altar of Xom.
  2428 | D:4      | Noticed a black bear
  2435 | D:4      | Killed a black bear
  2436 | D:4      | Reached XP level 6. HP: 52/61 MP: 5/5
  2451 | D:4      | Found a blossoming altar of Fedhas.
  2716 | D:5      | Entered Level 5 of the Dungeon
  2739 | D:5      | Noticed a water moccasin
  2750 | D:5      | Killed a water moccasin
  2756 | D:5      | Reached skill level 4 in Unarmed Combat
  2771 | D:5      | Reached XP level 7. HP: 33/68 MP: 6/6
  3059 | D:5      | Reached skill level 5 in Unarmed Combat
  3206 | D:5      | Reached skill level 5 in Shields
  3206 | D:5      | Reached XP level 8. HP: 60/79 MP: 7/7
  3416 | D:6      | Reached skill level 6 in Unarmed Combat
  3419 | D:6      | Noticed Edmund
  3430 | D:6      | Killed Edmund
  3509 | D:6      | Reached skill level 5 in Fighting
  3567 | D:6      | Noticed a two-headed ogre
  3572 | D:6      | Mangled by a two-headed ogre

Illustrated notes

Levels and vault maps discovered:
D:1:      matt_arrival_spirals, layout_basic, minmay_pentomino_x4
D:2:      layout_loops_corners
D:3:      layout_rooms, amcnicky_mini_corridor_feature, serial_bayou_crossing
D:4:      layout_loops_ring, kennysheep_little_box, fedhas_altar_1,
          chequers_avenue
D:5:      layout_loops_cross
D:6:      minmay_cornered_nines, layout_loops_ring, kennysheep_ying_yang,
          uniq_edmund, uniq_menkaure, uniq_maggie, uniq_pikel, uniq_sigmund

Skill      XL: |  1  2  3  4  5  6  7  8 |
---------------+-------------------------+-----
Shields        | 3 4 5 |  5.6
Dodging        | 3 4 |  4.0
Fighting       | 3 4 5 |  5.1
Unarmed Combat | 3 4 5 6 |  6.9

Action                   |  1- 3 |  4- 6 |  7- 9 || total
-------------------------+-------+-------+-------++-------
Melee: Unarmed           |    97 |   133 |    96 ||   326
  Use: Potion            |       |     1 |       ||     1
 Stab: Sleeping          |       |     1 |       ||     1
Armor: Robe              |    29 |    44 |    18 ||    91
Dodge: Dodged            |    27 |    37 |    29 ||    93
Block: Kite shield       |    39 |    54 |    30 ||   123

Table legend: (Time is in decaauts)
 A = Elapsed time spent in this place.
 B = Non-inter-level travel time spent in this place.
 C = Inter-level travel time spent in this place.
 D = Time resting spent in this place.
 E = Time spent auto-exploring this place.
 F = Levels seen in this place.
 G = Mean time per level.
                   A        B        C        D        E       F      G
               +--------+--------+--------+--------+--------+-----+--------+
         Total |   3591 |   3472 |    119 |      9 |   2818 |   6 |  598.5 |
       Dungeon |   3591 |   3472 |    119 |      9 |   2818 |   6 |  598.5 |
               +--------+--------+--------+--------+--------+-----+--------+

Top non-repeatable levels by time:
     D:2: 875 daAuts
     D:1: 726 daAuts
     D:5: 687 daAuts
     D:4: 637 daAuts
     D:3: 492 daAuts
     D:6: 172 daAuts
